 Dungeon Crawl Stone Soup version 0.23.0 (webtiles) character file.

Game seed: 12384685677061329495

233 Monsterracer the Chopper (level 6, 0/37 HPs)
             Began as a Gargoyle Fighter on Feb 8, 2019.
             Slain by a bullfrog (6 damage)
             ... on level 3 of the Dungeon.
             The game lasted 00:01:53 (2385 turns).

Monsterracer the Chopper (Gargoyle Fighter)         Turns: 2385, Time: 00:01:53

Health: 0/37       AC: 11    Str: 26    XL:     6   Next: 4%
Magic:  6/6        EV:  7    Int:  9    God:
Gold:   99         SH:  9    Dex:  9    Spells: 5/5 levels left

rFire    . . .     SeeInvis .   a - +0 war axe
rCold    . . .     Gourm    .   f - +0 shield
rNeg     + . .     Faith    .   b - +0 scale mail
rPois    ∞         Spirit   .   (no helmet)
rElec    +         Reflect  .   (no cloak)
rCorr    .         Harm     .   (no gloves)
MR       .....                  (no boots)
Stlth    ..........             e - amulet of inaccuracy (curse)
HPRegen  0.12/turn              h - +5 ring of strength
MPRegen  0.10/turn              (no ring)

@: no status effects
A: negative energy resistance 1, electricity resistance, unbreathing,
petrification resistance, rot immunity, AC +4
a: no special abilities


You were on level 3 of the Dungeon.
You were not hungry.

You visited 1 branch of the dungeon, and saw 3 of its levels.

You collected 99 gold pieces.

Inventory:

Hand Weapons
 a - a +0 war axe (weapon)
Armour
 b - a +0 scale mail (worn)
 f - a +0 shield (worn)
Jewellery
 e - a cursed amulet of inaccuracy (around neck)
 h - a +5 ring of strength (left hand)
Scrolls
 g - 3 scrolls of amnesia {unknown}
 i - a scroll of enchant armour {unknown}
 j - 2 scrolls of teleportation {unknown}
 k - a scroll of remove curse {unknown}
 m - a scroll of immolation {unknown}
 o - 4 scrolls of blinking {unknown}
 q - 3 scrolls of identify {unknown}
Potions
 d - a potion of might
 l - a potion of haste {unknown}
 n - a potion of flight {unknown}
 p - a potion of magic {unknown}
 r - a potion of curing {unknown}
Comestibles
 c - 3 rations
 s - 3 chunks of flesh


   Skills:
 + Level 3.4 Fighting
 * Level 5.3 Axes
 + Level 3.4 Armour
 + Level 3.4 Shields


You had 5 spell levels left.
You didn't know any spells.
Your spell library was empty.

Dungeon Overview and Level Annotations

Branches:
Dungeon (3/15)

Altars:


Innate Abilities, Weirdness & Mutations

You are resistant to torment.
Your stone body is resilient. (AC +4)
You are immune to poison.
You resist negative energy. (rN+)
You are resistant to electric shocks. (rElec)
You can survive without breathing.
You are immune to petrification.
You are immune to rotting.


Message History

You kill the orc!
No target in view!
Found a stone staircase leading down.
q - 3 scrolls labeled TENUSE ANIRY (gained 2)
You see here a cursed +0 scale mail.
You see here a cursed +0 scale mail.
e - a dented cameo amulet You see here a cursed +0 scale mail.
Put on which piece of jewellery? (? for menu, Esc to quit)
Oops, that amulet feels deathly cold.
e - a cursed amulet of inaccuracy (around neck) Eating one of 4 chunks of flesh.
You eat one of the 4 chunks of flesh.
This raw flesh tastes terrible.
HP restored.
The rat is too close now for your liking.
Health restored: 37 A rat is nearby!
A rat is nearby!
Put on which piece of jewellery? (? for menu, Esc to quit)
Okay, then.
A rat is nearby!
There is a stone staircase leading down here.
You miss the rat. The rat bites you but does no damage.
You block the rat's attack.
You hit the rat but do no damage. The rat barely misses you.
A rat is nearby!
You barely miss the rat. The rat bites you but does no damage.
A rat is nearby!
You barely miss the rat. The rat bites you.
The rat bites you but does no damage.
You take 1 damage, and have 36/37 hp.
A rat is nearby!
You hit the rat but do no damage. You block the rat's attack.
You slash the rat!
You kill the rat!
A bullfrog comes into view.
The bullfrog moves out of view.
No target in view!
The bullfrog croaks.
The bullfrog is too close now for your liking.
Health restored: 37 An adder comes into view.
There are monsters nearby!
There are monsters nearby!
You closely miss the bullfrog. You block the bullfrog's attack.
The bullfrog hits you but does no damage.
You completely miss the bullfrog.
The bullfrog hits you but does no damage. x2
You miss the bullfrog. You closely miss the adder.
You block the bullfrog's attack. You block the adder's attack.
The bullfrog hits you but does no damage.
The adder bites you but does no damage.
You closely miss the bullfrog. You miss the adder. The bullfrog hits you.
The adder bites you but does no damage. The bullfrog hits you.
You take 7 damage, and have 30/37 hp.
You barely miss the bullfrog.
Your shield and scale mail prevent you from hitting the adder.
The adder bites you. The bullfrog barely misses you.
The adder barely misses you. You block the bullfrog's attack.
You take 1 damage, and have 29/37 hp.
You miss the bullfrog. You miss the adder. The bullfrog hits you.
The adder closely misses you.
The bullfrog hits you but does no damage.
The adder barely misses you.
You take 3 damage, and have 26/37 hp.
You closely miss the bullfrog. You miss the adder. The bullfrog hits you.
You block the adder's attack. The bullfrog hits you.
You take 9 damage, and have 17/37 hp.
MASSIVE DAMAGE!!
You barely miss the bullfrog. You barely miss the adder.
The adder bites you but does no damage. The bullfrog hits you.
The adder bites you but does no damage. The bullfrog hits you.
* * * LOW HITPOINT WARNING * * *
You take 6 damage, and have 11/37 hp.
You are too injured to fight recklessly!
You are too injured to fight recklessly!
You closely miss the bullfrog. You miss the adder.
The adder bites you but does no damage.
The bullfrog releases a deep croak.
The bullfrog barely misses you. You block the adder's attack.
The bullfrog hits you but does no damage.
The bullfrog closely misses you. The bullfrog hits you.
* * * LOW HITPOINT WARNING * * *
You see here a scroll labeled REIRRUESSO.
You take 1 damage, and have 11/37 hp.
You block the adder's attack. The bullfrog barely misses you.
The bullfrog barely misses you.
You hit the bullfrog but do no damage.
The bullfrog hits you but does no damage.
You miss the bullfrog. The bullfrog hits you.
* * * LOW HITPOINT WARNING * * *
The bullfrog hits you but does no damage.
The bullfrog barely misses you.
You take 6 damage, and have 5/37 hp.
You barely miss the bullfrog. You block the bullfrog's attack. x2
You slash the bullfrog!
The bullfrog is heavily wounded.
The bullfrog hits you.
You die...

#......o..#
#.......#
##.....#######
###.........#
#.<.......#
#.........#
#.........#
##..$.....#####
#.......?SF@.#
###.....####.#
#.....# ... ##..†.#
###.. ###..>.# ...
#%.....# #...
#..#....# #....
...##....######..##.
....................


You could see a bullfrog and an adder.

Vanquished Creatures
  An orc priest (D:3)
  An iguana (D:2)
  Natasha (thrice) (D:2)
  2 adders (D:2)
  A shadow imp (D:3)
  2 worms
  2 dart slugs (D:1)
  3 leopard geckos (D:2)
  4 orcs (D:3)
  A giant cockroach (D:3)
  8 goblins
  7 hobgoblins
  6 jackals
  3 kobolds (D:1)
  2 quokkas (D:2)
  8 bats
  8 frilled lizards
  5 rats
67 creatures vanquished.

Notes
Turn   | Place    | Note
-------+----------+-------------------------------------------
     0 | D:1      | Monsterracer the Gargoyle Fighter began the quest for the
                  | Orb.
     0 | D:1      | Reached XP level 1. HP: 14/14 MP: 1/1
    99 | D:1      | Reached skill level 2 in Axes
   101 | D:1      | Reached XP level 2. HP: 16/19 MP: 2/2
   525 | D:1      | Reached skill level 3 in Axes
   540 | D:1      | Reached XP level 3. HP: 23/23 MP: 3/3
   897 | D:2      | Noticed Natasha
   906 | D:2      | Killed Natasha
   906 | D:2      | Reached skill level 4 in Axes
   906 | D:2      | Reached XP level 4. HP: 25/28 MP: 4/4
  1030 | D:2      | Noticed Natasha
  1477 | D:2      | Reached XP level 5. HP: 27/32 MP: 5/5
  1684 | D:2      | Killed Natasha
  2105 | D:2      | Noticed Natasha
  2112 | D:2      | Killed Natasha
  2112 | D:2      | Reached skill level 5 in Axes
  2302 | D:3      | Reached XP level 6. HP: 37/37 MP: 6/6
  2385 | D:3      | Slain by a bullfrog

Skill      XL: |  1  2  3  4  5 |
---------------+----------------+-----
Axes           | 2 3 4 5 |  5.3
Fighting       | |  3.4
Armour         | |  3.4
Shields        | |  3.4

Action                   |  1- 3 |  4- 6 || total
-------------------------+-------+-------++-------
Melee: War axe           |   117 |   143 ||   260
       Unarmed           |       |     3 ||     3
  Use: Potion            |       |     1 ||     1
  Eat: Chunk             |       |     5 ||     5
Armor: Scale mail        |    76 |    61 ||   137
Dodge: Dodged            |    49 |    45 ||    94
Block: Shield            |    87 |    73 ||   160

Levels and vault maps discovered:
D:1:      wheals_arrival_linesprint, layout_basic
D:2:      layout_loops_ring, uniq_natasha
D:3:      layout_rooms, led_sif_book, first_ration, kennysheep_generic_room_13
